 Dungeon Crawl Stone Soup version 0.16.1-51-g6203257 (webtiles) character file.

74 RepoMan the Grasshopper (level 4, -6/36 HPs)
             Began as a Ghoul Warper on July 21, 2015.
             Killed by divine providence
             ... invoked by an orc priest
              (15 damage)
             ... on level 3 of the Dungeon.
             The game lasted 00:14:24 (1675 turns).

RepoMan the Grasshopper (Ghoul Warper)              Turns: 1675, Time: 00:14:24

Health: -6/36      AC:  3    Str: 14    XL:     4   Next: 30%
Magic:  7/7        EV: 11    Int:  9    God:
Gold:   77         SH:  0    Dex:  8    Spells: 3 memorised, 3 levels left

rFire  . . .     SeeInvis .     a - +0 mace
rCold  + . .     Clarity  .     b - +0 leather armour
rNeg   + + +     SustAb   .     (no shield)
rPois  ∞         Gourm    .     (no helmet)
rElec  .         Spirit   .     (no cloak)
rCorr  .         Warding  .     (no gloves)
rMut   .         Stasis   .     (no boots)
MR     .....                    (no amulet)
Stlth  +.........               (no ring)
                                (no ring)

@: rotting, not resistant to hostile enchantments, very unstealthy
A: rotting body, claws 1, carnivore 3, cold resistance 1, negative energy
resistance 3, poison resistance, slow healing 1, torment resistance, unbreathing
a: no special abilities


You were on level 3 of the Dungeon.
You were not hungry.

You visited 1 branch of the dungeon, and saw 3 of its levels.

You collected 77 gold pieces.

Inventory:

Hand weapons
 a - a +0 mace (weapon)
Missiles
 j - 4 tomahawks (quivered)
Armour
 b - a +0 leather armour (worn)
Scrolls
 f - 2 scrolls of identify {unknown}
 g - 3 scrolls of remove curse {unknown}
 h - a scroll of enchant armour {unknown}
 i - 2 scrolls of teleportation {unknown}
 k - a scroll of enchant weapon {unknown}
Books
 c - a book of Spatial Translocations

   Spells                             Type                      Level
   a - Apportation                    Translocation                1
   b - Blink                          Translocation                2
   c - Shroud of Golubria             Charms/Translocation         2
   d - Portal Projectile              Translocation                3
   e - Teleport Other                 Translocation                3
   f - Passage of Golubria            Translocation                4
Comestibles
 d - 2 chunks of flesh


   Skills:
 - Level 2.1 Fighting
 * Level 2.6 Maces & Flails
 - Level 0.8 Throwing
 + Level 1.7 Armour
 - Level 1.7 Dodging
 * Level 2.5 Spellcasting
 + Level 0.1 Charms
 - Level 3.0 Translocations


You had 3 spell levels left.
You knew the following spells:

 Your Spells              Type           Power        Failure   Level  Hunger
a - Apportation           Tloc           #.........   12%         1    ##.....
b - Blink                 Tloc           N/A          17%         2    ###....
c - Shroud of Golubria    Chrm/Tloc      #.........   34%         2    ###....


Dungeon Overview and Level Annotations

Branches:
Dungeon (3/15)

Altars:
Fedhas

Annotations:
D:1 Robin


Innate Abilities, Weirdness & Mutations

Your body is rotting away.
You thrive on raw meat.
You have sharp fingernails.
You are carnivorous and can eat meat at any time.
Your flesh is cold resistant.
You are immune to negative energy.
Your system is resistant to poisons.
You heal slowly when monsters are visible.
You are immune to unholy pain and torment.
You can survive without breathing.


Message History

You hit the orc.
The orc is moderately wounded.
The orc completely misses you.
The orc priest mumbles some strange prayers to Beogh against you.
Something smites you!
* * * LOW HITPOINT WARNING * * *
Read which item? (? for menu, Esc to quit)
Okay, then.
You aren't carrying any potions.
Read which item? (? for menu, Esc to quit)
As you read the scroll labeled BOWNET REOSE, it crumbles to dust.
The scroll dissolves into smoke.
It was a scroll of fog.
The orc misses you.
The orc priest mumbles some strange prayers to Beogh against you.
You are unaffected.
You barely miss the orc.
The orc is moderately wounded.
The orc closely misses you. x2
The orc priest mumbles some strange prayers to Beogh against you.
Something smites you!
You die...

#..# .. ...# #
.#.#######.##.....
........o$...l.....
##.#.##.##o##.....
#...l##.# . #....##§#
# . .
#..o.##§##.#...##
.....#.##.##o@§......#
........o.§o§§§.#....#
.......##.##§§.......
...## ##.##..#.#.#.. .
#..##.........
#.###..#.#.#. #.#
#....... #.# #..#.#. #
#.# #....


You could see an orc priest and an orc.

Vanquished Creatures
  2 adders (D:2)
  2 giant mites
  A giant gecko (D:1)
  3 bats (D:1)
  A giant cockroach (D:1)
  8 hobgoblins
  7 jackals (D:1)
  A giant newt (D:1)
  9 goblins
  2 kobolds
  A quokka (D:2)
  3 rats
40 creatures vanquished.

Notes
Turn   | Place    | Note
--------------------------------------------------------------
     0 | D:1      | RepoMan, the Ghoul Warper, began the quest for the Orb.
     0 | D:1      | Reached XP level 1. HP: 17/17 MP: 2/2
    13 | D:1      | Reached skill level 1 in Armour
    82 | D:1      | Reached XP level 2. HP: 2/24 MP: 2/4
   518 | D:1      | Reached XP level 3. HP: 22/29 MP: 6/6
   700 | D:1      | Reached skill level 3 in Translocations
   820 | D:2      | Noticed Robin
   857 | D:1      | Learned a level 2 spell: Blink
   860 | D:1      | Learned a level 2 spell: Shroud of Golubria
  1183 | D:2      | Reached XP level 4. HP: 23/35 MP: 5/7
  1366 | D:2      | Found a blossoming altar of Fedhas.
  1675 | D:3      | Killed from afar by an orc priest

Action                   |  1- 3 |  4- 6 || total
-------------------------+-------+-------++-------
Melee: Mace              |   141 |    42 ||   183
Throw: Tomahawk          |     6 |       ||     6
 Cast: Shroud of Golubri |     1 |       ||     1
  Use: Scroll            |     1 |     1 ||     2
  Eat: Chunk             |    16 |     7 ||    23
